 Dungeon Crawl Stone Soup version 0.23.1 (webtiles) character file.

Game seed: 12802976775417439618

575 Borgoz the Sneak (level 7, -4/52 HPs)
             Began as a Ghoul Enchanter on Mar 14, 2019.
             Was an Initiate of Ashenzari.
             Slain by Prince Ribbit (9 damage)
             ... on level 5 of the Dungeon.
             The game lasted 00:11:29 (4809 turns).

Borgoz the Sneak (Ghoul Enchanter)                  Turns: 4809, Time: 00:11:30

Health: -4/52      AC: 12    Str: 10 (12) XL:     7   Next: 35%
Magic:  2/9        EV: 12    Int:  8 (10) God:    Ashenzari [......]
Gold:   137        SH:  0    Dex:  9 (11) Spells: 4/10 levels left

rFire    . . .     SeeInvis .   q - +0 short sword
rCold    + . .     Gourm    .   (no shield)
rNeg     + + +     Faith    .   a - +3 leather armour
rPois    ∞         Spirit   .   (no helmet)
rElec    .         Reflect  .   (no cloak)
rCorr    .         Harm     .   c - +2 pair of gloves (curse)
MR       .....                  g - +2 pair of boots
Stlth    ++........             (no amulet)
HPRegen  0.00/turn              (no ring)
MPRegen  0.11/turn              (no ring)

@: rotting
A: rotting body, claws 1, carnivore, cold resistance 1, negative energy
resistance 3, inhibited regeneration, torment resistance, unbreathing
a: Curse Item, Renounce Religion


You were on level 5 of the Dungeon.
You worshipped Ashenzari.
Ashenzari was noncommittal.
You were not hungry.

You visited 2 branches of the dungeon, and saw 7 of its levels.

You collected 137 gold pieces.

Inventory:

Hand Weapons
 q - a +0 short sword (weapon)
Missiles
 m - 40 poisoned needles
Armour
 a - a +3 leather armour (worn)
 c - a cursed +2 pair of gloves (worn)
 g - a +2 pair of boots (worn)
Jewellery
 p - a +4 ring of strength
Scrolls
 f - a scroll of teleportation
 h - a scroll of amnesia
 i - 3 scrolls of identify
 j - a scroll of immolation {unknown}
 n - a scroll of remove curse
Potions
 e - a potion of magic
 l - 3 potions of flight
Comestibles
 d - 4 rations


   Skills:
 + Level 1.1 Fighting
 * Level 3.7 Short Blades
 + Level 1.0 Throwing
 * Level 3.4 Armour
 * Level 3.3 Dodging
 + Level 3.8 Stealth
 + Level 2.2 Spellcasting
 + Level 2.7 Hexes
   Level 0.9 Evocations


You had 4 spell levels left.
You knew the following spells:

 Your Spells              Type           Power        Failure   Level  Hunger
a - Corona                Hex            #......      14%         1    ##.....
b - Ensorcelled Hibernat  Hex/Ice        #.....       36%         2    ###....
c - Confuse               Hex            #.......     41%         3    ####...

Your spell library contained the following spells:

 Spells                   Type           Power        Failure   Level  Hunger
 Tukima's Dance           Hex            #.......     41%         3    ####...
 Dazzling Spray           Conj/Hex       #.....       61%         3    ####...


Dungeon Overview and Level Annotations

Branches:
Dungeon (6/15)             Temple (1/1) D:4

Altars:
Ashenzari
Elyvilon
Fedhas
Gozag
Hepliaklqana
Kikubaaqudgha
Makhleb
Nemelex Xobeh
Okawaru
Qazlal
Ru
Sif Muna
Trog
Uskayaw
Vehumet
Wu Jian
Xom
Yredelemnul
Zin
The Shining One

Annotations:
D:5 Prince Ribbit


Innate Abilities, Weirdness & Mutations

Your body is rotting away.
You thrive on raw meat.
You are immune to poison.
You have sharp fingernails.
You are carnivorous and can eat meat at any time.
Your flesh is cold resistant. (rC+)
You are immune to negative energy. (rN+++)
You do not regenerate when monsters are visible.
You are immune to unholy pain and torment.
You can survive without breathing.


Message History

Prince Ribbit says, "You're just another fly to me."
Prince Ribbit misses you.
You hit the bush but do no damage.
Prince Ribbit blinks!
You hit the bush but do no damage. The gnoll hits you with a +0 flail.
The gnoll barely misses you.
Your magical contamination has completely faded away.
Prince Ribbit hits you. Prince Ribbit hits you.
* * * LOW HITPOINT WARNING * * *
Prince Ribbit hits you but does no damage.
Okay, then.
It was a potion of degeneration.
There was something very wrong with that liquid.
You feel weakened.
You feel dopey.
You feel clumsy. The gnoll barely misses you. Prince Ribbit hits you.
* * * LOW HITPOINT WARNING * * *
It was a potion of lignification.
You feel woody for a moment. Prince Ribbit barely misses you.
The gnoll barely misses you. Prince Ribbit hits you!
You die...

#....# #)!# #.##
#.#..# #).# .#
#.#..#####..# #
#>..........#
#..♣♣...###......
##..♣♣...# ####..
#..P♣..#.#
#...Pg...#
##..@.#### #..F.#
#..#.# #.##.#
#.##.# #<##.#
#.##.# #.##.# #.#


You could see Prince Ribbit and a gnoll.

Vanquished Creatures
  An ice beast (D:5)
  An ogre (D:4)
  A crimson imp (D:4)
  3 orc priests
  A hound (D:4)
  An orc wizard (D:4)
  6 gnolls
  4 adders
  2 oozes
  An adder skeleton (D:4)
  5 worms
  3 dart slugs
  2 leopard geckos
  10 orcs
  4 giant cockroaches
  8 goblins
  7 hobgoblins
  2 jackals (D:1)
  5 quokkas
  9 bats
  4 frilled lizards
  6 kobolds
  6 rats
92 creatures vanquished.

Notes
Turn   | Place    | Note
-------+----------+-------------------------------------------
     0 | D:1      | Borgoz the Ghoul Enchanter began the quest for the Orb.
     0 | D:1      | Reached XP level 1. HP: 14/14 MP: 2/2
    84 | D:1      | Reached skill level 1 in Short Blades
   406 | D:1      | Reached XP level 2. HP: 19/19 MP: 3/3
   481 | D:1      | Reached skill level 1 in Armour
   846 | D:1      | Reached XP level 3. HP: 26/26 MP: 4/4
   987 | D:1      | Learned a level 2 spell: Ensorcelled Hibernation
  1253 | D:2      | Found a faded altar of an unknown god.
  1734 | D:2      | Reached XP level 4. HP: 32/33 MP: 0/5
  1798 | D:2      | Found an iron altar of Okawaru.
  1798 | D:2      | Found a blossoming altar of Fedhas.
  1799 | D:2      | Found a sacrificial altar of Ru.
  2724 | D:3      | Reached XP level 5. HP: 29/38 MP: 6/6
  3186 | D:3      | Found a shattered altar of Ashenzari.
  3204 | D:3      | Became a worshipper of Ashenzari the Shackled
  3271 | D:4      | Found a staircase to the Ecumenical Temple.
  3303 | Temple   | Entered the Ecumenical Temple
  3430 | D:4      | Learned a level 3 spell: Confuse
  3757 | D:4      | Noticed an ogre
  3759 | D:4      | Killed an ogre
  3759 | D:4      | Reached XP level 6. HP: 46/46 MP: 6/8
  3834 | D:5      | Entered Level 5 of the Dungeon
  3836 | D:5      | Noticed an ice beast
  4416 | D:5      | Killed an ice beast
  4416 | D:5      | Reached skill level 1 in Fighting
  4416 | D:5      | Reached XP level 7. HP: 52/52 MP: 9/9
  4795 | D:5      | Reached skill level 1 in Throwing
  4798 | D:5      | Noticed Prince Ribbit
  4809 | D:5      | Slain by Prince Ribbit

Skill      XL: |  1  2  3  4  5  6  7 |
---------------+----------------------+-----
Short Blades   | 1 2 3 |  3.7
Dodging        | 2 3 |  3.3
Armour         | 1 2 3 |  3.4
Spellcasting   | 2 |  2.2
Fighting       | 1 |  1.1
Throwing       | 1 |  1.0
Stealth        | |  3.8
Hexes          | |  2.7
Evocations     | |  0.9

Action                   |  1- 3 |  4- 6 |  7- 9 || total
-------------------------+-------+-------+-------++-------
Melee: Dagger            |   135 |       |       ||   135
       Short sword       |    32 |   272 |    19 ||   323
 Cast: Corona            |     8 |     1 |       ||     9
       Ensorcelled Hiber |     3 |    10 |     6 ||    19
       Confuse           |       |       |     2 ||     2
Invok: Curse Item        |       |     1 |       ||     1
Evoke: Wand              |       |    10 |     6 ||    16
  Use: Scroll            |     6 |     2 |       ||     8
       Potion            |     3 |     1 |     2 ||     6
 Stab: Sleeping          |     3 |     9 |     1 ||    13
  Eat: Chunk             |     9 |    21 |       ||    30
Armor: Robe              |    12 |       |       ||    12
       Ring mail         |    76 |   113 |       ||   189
       Leather armour    |       |       |    11 ||    11
Dodge: Dodged            |   127 |   161 |    26 ||   314
